AoeStats
← tmonteiro

Arabia

508096194Analyzed
3v3 RM · 10d ago on Sep 20, 2026· 49m 11s· 6 players
Game mode
Random Map
Map size
Normal (6 player)
Population
200
Speed
Normal
Resources
Standard
Victory
Conquest
Starting age
Dark Age
Ending age
Imperial Age
RankedLock teamsTeams togetherTeam positionsShared explorationLock speedFull tech treeHidden civsTurbo modeCheats
Victory
Defeat
🇵🇹 Slavs · Portugal
1319
+11
🇵🇹 Cumans · Portugal
1171
+24
🇵🇹 Ethiopians · Portugal
1141
+17
🇦🇷 Turks · Argentina
1208
-16
🇲🇽 Slavs · Mexico
1191
-15
🇺🇸 Shu · United States
1168
-14
Naco y Estúpido
9:38 Feudal Age
7:54 Loom
10:36 Man-at-Arms
13:18 Double-Bit Axe
19:46 Bloodlines
19:51 Scale Barding Armor
21:42 Horse Collar
24:14 Castle Age
22:59 Forging
25:17 Chain Barding Armor
25:24 Heavy Plow
26:13 Iron Casting
26:24 Husbandry
28:17 Fletching
32:35 Gold Mining
32:35 Stone Mining
33:22 Bodkin Arrow
35:21 Wheelbarrow
36:35 Hand Cart
43:41 Imperial Age
41:40 Pikeman
42:20 Squires
42:38 Bow Saw
43:03 Scale Mail Armor
45:23 Blast Furnace
44:58 Plate Barding Armor
44:54 Conscription
44:54 Chain Mail Armor
44:50 Halberdier
47:15 Gold Shaft Mining
46:57 Druzhina
48:39 Cavalier
49:51 Plate Mail Armor
Jersey_TitanX
5:19 Loom
10:36 Feudal Age
11:19 Double-Bit Axe
16:19 Fletching
17:28 Wheelbarrow
18:42 Padded Archer Armor
21:50 Castle Age
20:16 Gold Mining
20:29 Horse Collar
22:26 Bodkin Arrow
22:48 Leather Archer Armor
21:57 Crossbowman
27:01 Ballistics
27:00 Bow Saw
29:35 Stone Mining
29:59 Pikeman
32:41 Forging
32:31 Scale Mail Armor
33:04 Hand Cart
37:10 Imperial Age
45:18 Gold Shaft Mining
Jim_Raynor
8:45 Loom
10:55 Feudal Age
14:38 Town Watch
23:07 Castle Age
21:59 Double-Bit Axe
21:55 Horse Collar
24:39 Bow Saw
25:19 Scale Barding Armor
27:39 Wheelbarrow
27:45 Wheelbarrow
38:02 Husbandry
38:37 Heavy Plow
39:14 Chain Barding Armor
39:08 Bloodlines
39:22 Fletching
41:53 Forging
47:45 Imperial Age
46:05 Bodkin Arrow
46:13 Stone Mining
KardeiRa !
6:01 Loom
8:46 Feudal Age
9:32 Double-Bit Axe
18:48 Horse Collar
18:59 Gold Mining
21:20 Castle Age
20:24 Bloodlines
20:20 Scale Barding Armor
20:26 Forging
21:51 Wheelbarrow
22:23 Bow Saw
22:35 Chain Barding Armor
23:47 Husbandry
33:28 Iron Casting
36:28 Detinets
38:50 Hand Cart
41:42 Imperial Age
40:00 Town Watch
41:48 Elite Boyar
44:07 Plate Barding Armor
44:33 Blast Furnace
46:53 Conscription
47:44 Town Patrol
tmonteiro
3:31 Loom
10:59 Feudal Age
11:44 Horse Collar
12:47 Double-Bit Axe
23:41 Castle Age
28:29 Heavy Plow
29:31 Bow Saw
36:46 Forging
36:29 Fletching
36:54 Forging
38:17 Bloodlines
39:35 Wheelbarrow
42:53 Imperial Age
40:55 Scale Barding Armor
41:25 Iron Casting
41:34 Hand Cart
42:29 Town Watch
42:36 Arson
42:52 Squires
44:49 Two-Man Saw
44:23 Crop Rotation
43:26 Cavalier
45:55 Blast Furnace
46:20 Chain Barding Armor
46:18 Paladin
49:21 Plate Barding Armor
Pyeka
8:07 Loom
10:35 Feudal Age
17:25 Fletching
22:01 Castle Age
20:48 Double-Bit Axe
22:36 Bodkin Arrow
22:03 Crossbowman
23:27 Horse Collar
24:28 Padded Archer Armor
27:18 Leather Archer Armor
27:47 Ballistics
35:02 Thumb Ring
39:14 Imperial Age
38:29 Thumb Ring
39:55 Bracer
41:01 Chemistry
40:12 Arbalester
46:48 Wheelbarrow
Connection lost

Rejoining the realm…

Still unreachable

The connection could not be restored.

Session expired

The server has moved on; the page needs a fresh start.